[Event "Benidorm Open-A 2022"]
[Site "Benidorm"]
[Date "2022.12.06"]
[Round "5.27"]
[White "Parramon Ros, Francesc"]
[Black "Kocak, Ediz"]
[Result "1/2-1/2"]
[ECO "D00"]
[WhiteElo "2003"]
[BlackElo "2115"]
[Annotator "TA"]
[PlyCount "98"]
[EventDate "2022.12.03"]
[EventType "swiss"]
[EventCountry "ESP"]
[SourceTitle "playchess.com"]
[Source "ChessBase"]
[SourceQuality "1"]
[TimeControl "5400+30"]

1. d4 d5 2. Bf4 Nf6 3. e3 c5 4. c3 Nc6 5. Nd2 Bf5 6. Ngf3 {D00: 1 d4 d5: Unusual lines.} cxd4 7. exd4 e6 8. Qb3 Bd6 $1 {[%mdl 4] now scores much better than the old 8...Qc8.} 9. Bxd6 Qxd6 10. Be2 h6 (10... O-O $11) 11. O-O (11. Qxb7 $14 O-O 12. Qa6) 11... O-O $11 12. Rfe1 Rab8 13. a4 Rfc8 14. Bf1 Qc7 {[#]} 15. h3 $146 ({Predecessor:} 15. Qa3 Ne8 16. a5 Nd6 17. g3 b6 18. axb6 axb6 19. Ne5 Nxe5 20. dxe5 Ne4 21. Nf3 {½-½ (32) Kamsky,G (2665)-Roiz,M (2579) Tornelo INT 2021}) 15... a6 16. Qa3 Ne8 17. Nb3 Nd6 18. Nfd2 b5 (18... Qd8 $11) 19. Nc5 (19. g4 {simplifies} Bg6 20. Nc5 b4 21. cxb4 Nxb4 22. Nxa6 Nxa6 23. Bxa6 Rd8 24. Nf3) 19... b4 20. cxb4 Nxb4 {[#] aiming for ...Nc2.} 21. Nxa6 Qb6 (21... Nc2 $14) 22. a5 $18 (22. Nxb8 Qxb8 23. Rec1 Nc2 $16) 22... Qxd4 23. Nf3 Qa7 24. Nxb4 ({Less strong is} 24. Nxb8 Rxb8 25. Rec1 Nc4 $18) 24... Ne4 {[#]} 25. Rxe4 $1 dxe4 26. Ne5 e3 27. Nbc6 ({Weaker is} 27. fxe3 Rxb4 28. Qxb4 Qxe3+ 29. Kh1 Qxe5 $16) 27... exf2+ 28. Kh1 Qc7 29. a6 Ra8 30. Ne7+ {[%cal Bc6e7,Be7c8,Bc8b6,Bb6c4,Bc4d6,Bd6b5,Bb5c7][%mdl 32] Pair of Knights!} Kh7 31. Nxc8 {Black must now prevent Nd6.} ({Not} 31. Nxf7 Re8 $11) 31... Qxe5 32. Nb6 Ra7 33. Qc3 {Against Qe1} Qb8 34. Nc4 Qa8 35. Nd6 Bg6 36. Qf3 Qd8 37. Nb5 Ra8 38. a7 e5 39. Qxf2 Be4 40. Qxf7 Qd2 41. Nc7 {Intending Ne6 and mate.} Qxb2 42. Qa2 Qc3 43. Qa3 $2 (43. Nxa8 Qxh3+ 44. Kg1) 43... Qxc7 44. Bd3 Bxd3 45. Qxd3+ Kh8 46. Qe3 {White is more active.} Qb7 47. Qxe5 ({Better is} 47. Qc5 $16) 47... Rxa7 $11 {The position is equal.} 48. Qe8+ Kh7 49. Rxa7 Qxa7 {Weighted Error Value: White=0.07 (flawless) /Black=0.44} 1/2-1/2

[Event "Benidorm Open-A 2022"]
[Site "Benidorm"]
[Date "2022.12.06"]
[Round "5.28"]
[White "Draghici Flutur, Gavril"]
[Black "Rodriguez Melendez, Juan Humbert"]
[Result "0-1"]
[ECO "B23"]
[WhiteElo "2012"]
[BlackElo "2157"]
[Annotator "TA"]
[PlyCount "110"]
[EventDate "2022.12.03"]
[EventType "swiss"]
[EventCountry "ESP"]
[SourceTitle "playchess.com"]
[Source "ChessBase"]
[SourceQuality "1"]
[TimeControl "5400+30"]

1. e4 c5 2. Nc3 Nc6 3. Bb5 g6 4. Nge2 Bg7 5. O-O Nd4 6. Nxd4 cxd4 7. Ne2 Nf6 {B31: Sicilian: 2...Nc6 3 Bb5 g6.} 8. d3 Qb6 9. Bc4 O-O {White is slightly better.} 10. c3 dxc3 11. bxc3 Qa5 12. Rb1 a6 {[#]} 13. a4 $146 ({Predecessor:} 13. Bb3 d5 14. e5 Nd7 15. f4 Nc5 16. Be3 Nxb3 17. axb3 Bg4 18. Bd4 f6 19. h3 {½-½ (85) Sepman,Y (2273)-Torbin,K (2286) Rybinsk 2000}) 13... d5 14. exd5 Nxd5 15. Ba3 Bf6 ({Black should play} 15... Bd7 $11) 16. Qb3 Nc7 17. Bb4 {Prevents b5.} Qg5 18. f4 {Inhibits b5.} (18. a5 $14) 18... Qg4 $11 19. d4 Bf5 (19... b5 $1 $11 20. Bd3 (20. axb5 axb5 21. Bd3 Be6 $11) 20... Bb7) 20. Rbe1 ({White should try} 20. h3 $14 Qh4 21. Ra1) 20... b5 $15 (20... Be4 $2 21. Ng3 b5 22. Nxe4 $18 (22. Rxe4 bxc4 23. Qxc4 Qd7 $16)) 21. axb5 axb5 22. Bd5 Nxd5 23. Qxd5 Bd3 24. Rf3 $2 (24. Qf3 $15 Qxf3 25. Rxf3) 24... Rfd8 $1 $19 25. Qb7 (25. Rg3 $142 Rxd5 26. Rxg4) 25... Rdb8 (25... Bxe2 $19 26. Rxe2 Ra1+ 27. Rf1 Bxd4+ 28. cxd4 Qxe2 29. Rxa1 Qe3+ 30. Kf1 (30. Kh1 $2 Qxd4 31. Rf1 Qxb4 $19) 30... Qd3+ 31. Ke1 Qxd4) 26. Qc6 Rc8 27. Qb7 Rab8 28. Qd5 e6 29. Qb3 Be4 30. Rg3 Qf5 {Black has more active pieces.} (30... Qh4 {keeps more tension.} 31. Bd6 Bd5 32. Qb2 Ra8) 31. Re3 Bd5 $40 {[%mdl 128] Black attacks with force. A strong pair of Bishops.} 32. Qb1 Qxb1 (32... Qg4 {looks sharper.} 33. Ng3 Qxf4 34. Ne4 Bxe4 35. Qxe4 Qxe4 36. Rxe4 Bg7) 33. Rxb1 Ra8 {Threatens to win with ...Ra2.} 34. Nc1 {Inhibits Ra2.} Ra4 35. Re2 {[#] White is now going downhill.} (35. Kf2 $15) 35... Rca8 ({Not} 35... Bc4 36. Rd2 $15) (35... Rxb4 $1 $19 36. cxb4 Bxd4+ 37. Kh1 Kg7) 36. Reb2 (36. Kf2 $15) 36... Be4 37. Nb3 (37. Ne2 {was worth a try.} Bxb1 38. Rxb1) 37... Bxb1 38. Rxb1 Ra2 {Prevents Rb2.} 39. Kf1 h5 40. Kg1 R8a4 41. Kf1 Kg7 42. Kg1 Rc2 {Strongly threatening ...Raa2.} 43. Nc1 {Prevents Raa2.} Bh4 44. g3 Bd8 45. h4 Bc7 46. Kh1 Kf6 47. Kg1 Kf5 48. Nd3 Raa2 {...Rg2+ is the strong threat.} 49. Ne1 Re2 {White must now prevent ...Kg4.} 50. Be7 Kg4 51. Rd1 Ba5 52. Nd3 Kxg3 {Black mates.} 53. Bd6 f5 54. Be7 Bxc3 55. Bf6 Rad2 {Weighted Error Value: White=0.70/Black=0.16 (very precise)} 0-1

[Event "Benidorm Open-A 2022"]
[Site "Benidorm"]
[Date "2022.12.06"]
[Round "5.29"]
[White "Clemente Llamero, Roberto"]
[Black "Plaskett, H James"]
[Result "1-0"]
[ECO "B57"]
[WhiteElo "1955"]
[BlackElo "2365"]
[Annotator "TA"]
[PlyCount "101"]
[EventDate "2022.12.03"]
[EventType "swiss"]
[EventCountry "ESP"]
[SourceTitle "playchess.com"]
[Source "ChessBase"]
[SourceQuality "1"]
[TimeControl "5400+30"]

1. e4 c5 2. Nf3 Nc6 3. d4 cxd4 4. Nxd4 Nf6 5. Nc3 d6 6. Bc4 Qb6 7. Nxc6 bxc6 8. O-O e6 9. Qe2 Be7 10. e5 dxe5 11. Qxe5 O-O 12. b3 Nd5 13. Bb2 Bf6 {B57: Classical Sicilian: Sozin with 6...Qb6.} 14. Qg3 Qb8 {[#]} 15. Qxb8 $146 ({Predecessor:} 15. Qf3 Bb7 16. Rab1 Rd8 17. Nxd5 cxd5 18. Bxf6 gxf6 19. Bd3 f5 20. Rbe1 d4 21. Qh5 {½-½ (30) Esenov,A (2280)-Dvalishvili,P (2421) Moscow 2016}) 15... Rxb8 {White has an edge.} 16. Na4 Bxb2 17. Nxb2 Bb7 18. Na4 Rfd8 19. Rfd1 Kf8 20. Bf1 Ke7 21. a3 e5 22. Re1 f6 $1 23. g3 g5 $1 {Inhibits f4.} 24. Rad1 g4 25. Bd3 (25. Bg2 {feels hotter.} Nc7 26. Nc5 Ba8 27. Rd3) 25... h6 26. Be4 Rd6 (26... a5 $1 $11) 27. c4 $16 Nc7 28. Rxd6 Kxd6 29. Rd1+ Ke7 30. Nc5 {And now Rd7+ would win.} Bc8 {Prevents Rd7+.} 31. Bxc6 {White is much more active.} a5 {Prevents b4.} (31... Ne6 $16) 32. Bd7 (32. b4 $1 $18 {aiming for Nd7.} axb4 33. Nd7 Bxd7 34. Rxd7+ Ke6 35. axb4 (35. Rxc7 Kd6 $14)) 32... Ne6 33. Bxe6 ({Much less strong is} 33. Nxe6 Bxd7 34. Nc5 Bc6 $14) 33... Bxe6 34. Nxe6 (34. Kf1 $142 $1) 34... Kxe6 {[%mdl 4096] Endgame KR-KR} 35. Rb1 Rc8 36. Rc1 Rb8 {Inhibits b4.} 37. Rc3 Rd8 38. b4 Rd1+ 39. Kg2 {Strongly threatening b5.} a4 (39... axb4 $14 40. axb4 Rb1) 40. c5 Kd7 41. b5 {Threatens to win with Rc4.} Rb1 42. c6+ Kc7 43. Rc5 Rb3 44. h3 h5 (44... Rxa3 $2 45. b6+ Kxb6 46. c7 gxh3+ 47. Kxh3 Kxc5 48. c8=Q+ (48. c8=B $2 {too greedy.} Ra2 $19) 48... Kd4 49. Qc1 $18) 45. hxg4 hxg4 46. Kf1 (46. Rc4 {simplifies} Rxb5 47. Rxg4 Ra5 48. Rh4) 46... Kc8 {[#]} (46... Rxa3 $2 47. b6+ Kxb6 48. c7 Ra1+ 49. Kg2 Kxc5 50. c8=Q+ (50. c8=B $2 {perishes.} a3 $19) 50... Kd6 51. Qc3 $18) 47. c7 $1 Rxa3 $2 (47... f5 $16) 48. b6 $18 {[%cal Ob6b7] b7+! would kill now.} Rb3 {[#] Against b7+} 49. Rc6 $1 a3 50. Rxf6 $2 (50. Rd6 {White threatens Rd8+ and mate.} Kb7 51. Rd8 Rb1+ 52. Ke2) 50... Kb7 $2 (50... Rf3 51. Rg6 Rf8 52. Rxg4 Kb7) 51. Rf8 {Weighted Error Value: White=0.20 (precise) /Black=0.14 (very precise)} 1-0

[Event "Benidorm Open-A 2022"]
[Site "Benidorm"]
[Date "2022.12.06"]
[Round "5.30"]
[White "Achuthan, Dylan"]
[Black "Perez Ruiz, Santiago"]
[Result "1-0"]
[ECO "B08"]
[WhiteElo "2050"]
[BlackElo "1966"]
[Annotator "TA"]
[PlyCount "79"]
[EventDate "2022.12.03"]
[EventType "swiss"]
[EventCountry "ESP"]
[SourceTitle "playchess.com"]
[Source "ChessBase"]
[SourceQuality "1"]
[TimeControl "5400+30"]

1. e4 d6 2. d4 Nf6 3. Nc3 g6 4. Nf3 Bg7 5. Be2 c5 6. dxc5 Qa5 7. O-O Qxc5 8. Nd5 {[#] B08: Pirc Defence: Classical System.} Nxd5 $146 ({Predecessor:} 8... Bd7 9. Be3 Qc8 10. Nxf6+ Bxf6 11. Bd4 Bxd4 12. Qxd4 O-O 13. Bc4 Nc6 14. Qc3 Be6 15. Rfd1 Bxc4 16. Qxc4 {½-½ (37) Fischer,S (1281)-Hofschroer,K (1804) Frenswegen 2001}) 9. exd5 Bf5 (9... O-O $14) 10. c3 {White is better.} O-O 11. Be3 Qa5 12. Qb3 Bc8 13. Rfd1 Nd7 14. a4 Nc5 15. Qa3 Qc7 16. Nd4 a6 17. a5 Bd7 18. f3 (18. Rac1 $16) 18... Bc8 19. b4 Nd7 20. Rac1 Ne5 ({Black should play} 20... Re8 $14) 21. c4 $18 h5 22. h3 Kh7 23. c5 Rd8 (23... Nd7 $142 24. Bf4 Be5) 24. c6 bxc6 25. dxc6 {And now f4 would win.} d5 26. Qb3 {Inhibits Nc4.} (26. b5 $18 {Black must now prevent b6.} axb5 27. Nxb5 Rxa5 28. Qb3 (28. Nxc7 Rxa3 29. Bc5 Ra2 $18) 28... Rxb5 29. Qxb5 (29. Bxb5 $2 Nxf3+ 30. Kf2 Nh4 $19)) 26... f6 $2 (26... Nc4 $16) 27. f4 Nf7 {[#]} 28. Nf3 (28. Bxa6 $142 $1 {[%mdl 512] Nb5 is the strong threat.} Bxa6 29. Ne6) 28... e6 29. f5 gxf5 30. Bb6 {[%mdl 64] Skewer, Deflection} Qg3 31. Bxd8 Nxd8 32. Qa4 (32. c7 $18 Nf7 33. Rc6 (33. Nd4 Qxb3 34. Nxb3 Bh6 $18)) 32... Bh6 $2 (32... e5 $16 {might work better.}) 33. c7 Nf7 34. Rc3 {Prevents Be3+.} (34. Qe8 $18 Nd6 35. Qe7+ (35. Qxh5 Kg7 $11) 35... Kg8 36. Qd8+ Kh7 37. Rc2) 34... Ne5 ({Black should try} 34... Nd6 $1 $14 35. Bd3 (35. Qc6 Ne4 $11) 35... d4) 35. Qe8 {The board is on fire. Active counter play!} Nxf3+ (35... Qg6 $142 36. Qd8 Qg8) 36. Bxf3 e5 37. Bxd5 {White mates.} Be3+ 38. Kh1 f4 39. Bxa8 Bxh3 40. Qxh5+ {Weighted Error Value: White=0.27 (precise) /Black=0.73} (40. c8=N $2 {[#] leads to mate.} Bxg2+ $1 41. Bxg2 Qh4+) 1-0

[Event "Benidorm Open-A 2022"]
[Site "Benidorm"]
[Date "2022.12.06"]
[Round "5.31"]
[White "Unciti Juan, Javier"]
[Black "Minana Menor, Antonio"]
[Result "1-0"]
[ECO "B77"]
[WhiteElo "1999"]
[BlackElo "2102"]
[Annotator "TA"]
[PlyCount "87"]
[EventDate "2022.12.03"]
[EventType "swiss"]
[EventCountry "ESP"]
[SourceTitle "playchess.com"]
[Source "ChessBase"]
[SourceQuality "1"]
[TimeControl "5400+30"]

1. e4 c5 2. Nf3 d6 3. d4 cxd4 4. Nxd4 Nf6 5. Nc3 g6 6. f3 Bg7 7. Be3 O-O 8. Qd2 Nc6 9. Bc4 Bd7 10. h4 Rc8 11. Bb3 h5 12. O-O-O Nxd4 13. Bxd4 b5 14. g4 {Strongly threatening Bxf6. White is more active. B78: Sicilian Dragon: Yugoslav Attack, 9 Bc4 Bd7 10 0-0-0 Rc8.} (14. e5 {simplifies} dxe5 15. Bxe5 b4 16. Bxf6 exf6 17. Nd5) 14... a5 $1 (14... hxg4 $2 15. h5 gxh5 16. Bxf6 (16. Qg5 e5 $11) 16... exf6 17. Rxh5 $18) 15. gxh5 (15. g5 {seems wilder.} Ne8 16. a3 Bxd4 17. Qxd4 Ng7 18. Kb1) 15... Nxh5 (15... a4 $11 16. h6 Bh8) 16. Bxg7 (16. Rhg1 $1 $16 Kh7 17. Bxg7 Nxg7 18. h5 Nxh5 19. Rh1) 16... Kxg7 $11 {[#]} 17. a4 $146 (17. a3 $11) ({Predecessor:} 17. a3 b4 18. axb4 axb4 19. Qd4+ Kg8 20. Nd5 Be6 21. Qxb4 Rb8 22. Qd2 Bxd5 23. Qxd5 {½-½ (60) Bravo Mallco,K (1835)-Velea,S (1687) Guayaquil 2019}) 17... bxa4 $15 18. Nxa4 Bxa4 19. Bxa4 (19. Qd4+ $11 e5 20. Qxa4) 19... Qb6 20. Rhg1 Rc4 21. b3 Rb8 22. Qg5 {[%mdl 8192] [#] Against Qc5} (22. Qd5 $2 Rxa4 $1 23. Rg5 Nf4 $19) (22. Rg5 $15 Rxa4 23. Rxh5 Ra1+ 24. Kb2 Rxd1 25. Qh6+ Kf6 26. Qf4+ Kg7 27. Qh6+ Kf6 28. Qf4+ Kg7 29. Qh6+) 22... Rxa4 $1 $19 23. bxa4 {[#]} (23. Rge1 Ra2) 23... Qb2+ $2 (23... e5 $1 24. Rd5 (24. Rd3 Qb2+) 24... Qb2+ 25. Kd2 Nf4) 24. Kd2 {[#]} Rc8 $1 25. Rc1 $17 (25. Qxh5 {is a self mate.} Rxc2+ 26. Ke3 e5) 25... Qd4+ 26. Ke2 {[#]} Rc5 ({Black should play} 26... Rc3 $1 $17 {[%cal Oe7e5] aiming for ...e5!} 27. Rgd1 Qc4+ 28. Rd3 e5) 27. Qd2 $15 Qxa4 28. Rg5 Qc4+ 29. Kf2 e5 $2 {[%mdl 8192] [#] Black is now going downhill.} (29... a4 $15) 30. Rxh5 $1 $18 {Hoping for Qh6+.} ({Not} 30. Qxd6 Nf4 31. Qd2 Qe6 $17) 30... gxh5 {[%mdl 4096] Endgame KQR-KQR} 31. Qg5+ Kh7 32. Qxh5+ Kg7 33. Qg5+ Kh7 34. Rg1 Qxc2+ 35. Kg3 {White threatens Kh3 and mate.} Qe2 36. Kg4 (36. Qf5+ $142 Kg7 37. Kh3+ Kf8 38. Qf6 Qxf3+ 39. Qxf3 Rc7 40. Qf6 Rc3+ 41. Kh2) 36... Rc4 37. Kh5 {[%csl Gg1][%cal Rg5g7] White mates.} Qxf3+ 38. Rg4 Qxg4+ 39. Qxg4 {KQ-KR} Rc2 40. Qf5+ Kg7 41. Qg5+ Kh7 42. Qf6 Rh2 43. Qxf7+ Kh8 44. Qf6+ {Weighted Error Value: White=0.38/Black=0.80} 1-0

[Event "Benidorm Open-A 2022"]
[Site "Benidorm"]
[Date "2022.12.08"]
[Round "6.1"]
[White "Fernandez Guillen, Ernesto J."]
[Black "Saydaliev, Saidakbar"]
[Result "0-1"]
[ECO "C44"]
[WhiteElo "2462"]
[BlackElo "2376"]
[Annotator "TA"]
[PlyCount "60"]
[EventDate "2022.12.03"]
[EventType "swiss"]
[EventCountry "ESP"]
[SourceTitle "playchess.com"]
[Source "ChessBase"]
[SourceQuality "1"]
[TimeControl "5400+30"]

1. e4 e5 2. Nf3 Nc6 3. Bc4 Nf6 4. d4 exd4 5. e5 d5 6. Bb5 Ne4 7. Nxd4 Bc5 8. O-O O-O 9. Bxc6 bxc6 10. f3 {C56: Two Knights: 4 d4 exd4 5 0-0 Nxe4.} f6 {Black is more active.} 11. exf6 (11. fxe4 $15 fxe5 12. Rxf8+ Qxf8 13. c3) 11... Qxf6 $19 (11... Nxf6 12. Be3 $15) 12. Be3 {Black has a decisive advantage.} Ba6 13. Re1 {[#]} Rae8 14. c3 {[#]} (14. fxe4 $2 Rxe4 15. Nf3 Bxe3+ 16. Kh1 Bf2 17. Rxe4 dxe4 $19) 14... Bd6 $1 {[%cal Of6h4] ...Qh4! is the strong threat. A strong pair of Bishops.} 15. Nd2 {[#]} Qh4 {[%csl Gd6][%cal Rh4h2] [#]} 16. f4 $146 ({Predecessor:} 16. h3 Nxc3 17. bxc3 Rxe3 18. Rxe3 Qf4 19. Re6 Qh2+ 20. Kf2 Bg3+ 21. Ke3 Qxg2 22. c4 dxc4 {0-1 (41) Hoolt,S (2423)-Zude,A (2370) Germany 2018}) 16... Bxf4 $40 {[%mdl 128] Black wants a kill.} 17. Bxf4 Qxf4 ({Inferior is} 17... Rxf4 18. Nxe4 Rfxe4 19. Rxe4 Qxe4 20. Qd2 $17) 18. Nxe4 dxe4 (18... Rxe4 19. Nxc6 Qf2+ 20. Kh1) 19. Kh1 Qf2 20. h3 e3 {Strongly threatening ...e2.} (20... Qxb2 21. Qb3+ Qxb3 22. axb3 $17) 21. Nxc6 $2 (21. Qg4) 21... e2 ({Stronger than} 21... Qxb2 22. Qb3+ Qxb3 23. axb3 $17) 22. Qd5+ Kh8 23. Nd4 Bd3 24. Qd7 Re3 25. Kh2 Qg3+ (25... Rg3 $142 26. Qd5 Qf4 27. Rxe2 Rg5+ 28. Kh1 Rxd5 29. Ne6 Qg3 30. Nf4 Qxf4 31. Re7 Bf1 32. Rxg7 Kxg7 33. Re1 Qg3 34. Re7+ Rf7 35. Re2 Bxe2 36. Kg1 Rf1#) 26. Kg1 h5 {( -> ...Be4)} 27. Qd5 Re5 28. Qd7 Rf1+ 29. Rxf1 exf1=Q+ 30. Rxf1 Bxf1 {White did not feel at home in the position after the opening.   Weighted Error Value: White=0.89/Black=0.18 (very precise)} 0-1

[Event "Benidorm Open-A 2022"]
[Site "Benidorm"]
[Date "2022.12.08"]
[Round "6.2"]
[White "Ajay Karthikeyan"]
[Black "Ilamparthi A R"]
[Result "1-0"]
[ECO "E71"]
[WhiteElo "2441"]
[BlackElo "2336"]
[Annotator "TA"]
[PlyCount "153"]
[EventDate "2022.12.03"]
[EventType "swiss"]
[EventCountry "ESP"]
[SourceTitle "playchess.com"]
[Source "ChessBase"]
[SourceQuality "1"]
[TimeControl "5400+30"]

1. d4 Nf6 2. c4 g6 3. Nc3 Bg7 4. e4 d6 5. h3 O-O 6. Be3 e5 7. d5 Nbd7 8. g4 {E71: King's Indian: 4 e4 d6 5 h3.} Nc5 9. f3 a5 10. Qd2 {White is slightly better.} Ne8 (10... c6 $1 $11) 11. O-O-O f5 12. exf5 gxf5 13. Kb1 a4 14. Nge2 {[#]} Nf6 $146 ({Predecessor:} 14... Bd7 15. Nc1 Qb8 16. Nd3 Qa7 17. Nxc5 dxc5 18. Bd3 Qa5 19. a3 Nd6 20. Bh6 f4 21. Bxg7 Kxg7 {1-0 (29) Franco Valencia,B (2116)-Toro Castaneda,E (1932) El Bagre 2019}) 15. Ng3 e4 {[#]} 16. gxf5 (16. f4 $1 $16) 16... exf3 $14 17. Rg1 Kh8 18. Bd4 Ncd7 (18... Ne8 $14) 19. a3 {White is more active.} Ne5 20. Bxe5 dxe5 21. Bd3 {Against e4} e4 22. Ncxe4 Nxe4 23. Bxe4 Ra6 {aiming for ...Rb6.} 24. c5 {Against Rb6} (24. Bxf3 $2 Rb6 25. b4 axb3 $19) (24. Nh5 {looks sharper.} Be5 25. f6 Raxf6 26. Nxf6 Qxf6 27. Qf2) 24... Qh4 $2 (24... Qe7 $16) 25. Qd3 $2 (25. Bxf3 $18 {is the precise move to win. Threatens to win with Bg4.} Qxh3 26. Be4) 25... f2 $16 26. Rgf1 Be5 (26... Ra5 $16) 27. Nh1 $18 Ra5 $2 (27... b6) 28. Nxf2 Rxc5 29. Ng4 Bf6 30. d6 Rd8 {Prevents d7.} 31. Nxf6 ({Better is} 31. Rg1 $18 {Hoping for Qe3.} cxd6 32. Qe3) 31... Qxf6 $16 32. Qd4 (32. Ka1 $16) 32... Re5 ({Black should play} 32... Qxd4 $14 33. Rxd4 b5) 33. Qxa4 $18 cxd6 34. Qd4 Rde8 (34... Rf8 {was called for.} 35. Ka1 Rc5) 35. Bc2 $40 {[%mdl 128] White goes for the king.} (35. Qxd6 $2 {too greedy.} Qxd6 36. Rxd6 Rxe4 $19) 35... d5 36. h4 Kg7 37. Qg4+ Kh8 38. Qg5 (38. Qb4 $18) 38... Rf8 (38... Qxg5 $16 {is a better defense.} 39. hxg5 Rf8) 39. Qxf6+ Rxf6 40. Rd4 Bxf5 $2 (40... Kg7 $16 {keeps fighting.} 41. Bd3 Bxf5 42. Bxf5 Rfxf5 43. Rxf5 Rxf5) 41. Ka2 Kg7 {[#]} 42. Rdf4 $1 Kg6 43. a4 d4 $2 (43... Rf7 44. Rg4+ Kf6) 44. Rg4+ Kf7 45. Rxf5 (45. Rxd4 $2 {perishes.} Be6+ 46. Ka3 Rxf1 $19) 45... Rexf5 46. Bxf5 Rxf5 47. Rxd4 {[%mdl 4096] Endgame KR-KR} Ke6 48. Ka3 h5 (48... Rf7 $142 49. Kb4 Ke5) 49. Rb4 Rf3+ 50. b3 (50. Rb3 $142 Rf7 51. Rb5) 50... Rf7 51. Rb5 Rh7 52. Rb6+ $2 (52. Kb4 Kd6 53. a5) 52... Kd5 $2 (52... Kf5 53. Rb4 Ke6) 53. Kb4 {White is clearly winning.} Kd4 54. a5 Kd3 55. Rd6+ Kc2 56. Rg6 Rf7 57. Rg2+ Kd3 58. Rg3+ Kc2 59. Kc5 Rf4 60. Rh3 Rf6 61. b4 Rc6+ 62. Kd5 Ra6 63. Ra3 Kb2 64. Rg3 Ka2 65. Kc5 Rc6+ 66. Kb5 Rf6 67. Rg7 Rf5+ 68. Ka4 Rf4 69. Rxb7 Rxh4 70. a6 Rh3 71. b5 h4 72. Ka5 Ra3+ 73. Kb4 h3 74. a7 Kb2 75. b6 Ra6 76. Kb5 Ra3 77. Kc6 {Weighted Error Value: White=0.43/Black=0.57} 1-0

[Event "Benidorm Open-A 2022"]
[Site "Benidorm"]
[Date "2022.12.08"]
[Round "6.3"]
[White "Van Foreest, Machteld"]
[Black "Sattarov, Bobir"]
[Result "0-1"]
[ECO "B01"]
[WhiteElo "2206"]
[BlackElo "2433"]
[Annotator "TA"]
[PlyCount "89"]
[EventDate "2022.12.03"]
[EventType "swiss"]
[EventCountry "ESP"]
[SourceTitle "playchess.com"]
[Source "ChessBase"]
[SourceQuality "1"]
[TimeControl "5400+30"]

1. e4 d5 2. exd5 Qxd5 3. Nc3 Qe5+ 4. Be2 Bg4 5. d4 Bxe2 6. Qxe2 {B01: Scandinavian Defence.} (6. Ngxe2 $16 Qa5 7. b4) 6... Qxe2+ $11 7. Ngxe2 {[#]} Nf6 $146 ({Predecessor:} 7... e6 8. d5 exd5 9. Nxd5 Bd6 10. Bf4 Bxf4 11. Nexf4 Na6 12. O-O-O O-O-O 13. Rhe1 g6 {0-1 (45) Terry,R (2509)-Shimanov,A (2581) Chess.com INT 2022}) 8. Bf4 {The position is equal.} c6 9. O-O-O e6 10. Ng3 Nbd7 11. Nge4 Nd5 12. Nxd5 cxd5 13. Nd6+ Bxd6 14. Bxd6 h5 15. Rd3 Rc8 16. Ra3 a6 17. Rb3 Rc6 18. Bb4 (18. Ba3 $5 ) 18... f6 19. Re1 Kf7 20. f4 g6 21. Rh3 Rhc8 22. g4 (22. Rc3 $11 {keeps the balance.}) 22... Rxc2+ $17 ({Much less strong is} 22... hxg4 23. Rh7+ Kg8 24. Rxd7 $14) 23. Kb1 f5 ({Don't do} 23... hxg4 24. Rh7+ Kg8 25. Rxd7 $16) 24. gxh5 gxh5 25. Rxh5 Nf6 {Against Rh7+} 26. Rh4 b6 27. Bd6 (27. Rg1 $17) 27... Ne4 $19 28. Bb4 a5 29. Bc3 Rg2 {Black is much more active.} ({Don't take} 29... Nxc3+ 30. Kxc2 Ne4+ 31. Kd3 $16) 30. Rc1 (30. Rh7+ $17 Kf6 31. Rh6+ Rg6 32. Rxg6+ Kxg6 33. Kc2) 30... Kg7 31. Rh3 a4 32. Rc2 Rg1+ 33. Rc1 Rxc1+ (33... Rg4 $19 34. Rf3 a3) 34. Kxc1 {[%mdl 4096] Endgame KRB-KRN} b5 {[#] ...b4 is the strong threat.} 35. a3 Kg6 36. Kc2 Nf2 37. Rh4 Kg7 38. Kd2 Rf8 39. Bb4 Rf6 40. Be7 ({White should try} 40. Ke2 Ne4 41. Ba5) 40... Rg6 $2 ({Black should play} 40... Ne4+ $17 41. Ke1 Rg6) 41. Kc3 $1 $11 Rg1 42. Kb4 Rd1 43. Kxb5 (43. Bc5 $5 ) 43... Rxd4 {aiming for ...Re4.} 44. Bd6 $2 {[#]} (44. Bc5 $11 Rd2 45. Kxa4) 44... Nd3 $2 ({Better is} 44... Re4 $1 $19 {Strongly threatening ...d4.} 45. Be5+ Kg6) 45. Be5+ $2 {[%mdl 8192] Weighted Error Value: White=0.24 (precise) /Black=0.20 (precise)} (45. Rh3 $15) 0-1

[Event "Benidorm Open-A 2022"]
[Site "Benidorm"]
[Date "2022.12.08"]
[Round "6.4"]
[White "Sarkar, Justin"]
[Black "Assylov, Miras"]
[Result "1/2-1/2"]
[ECO "B10"]
[WhiteElo "2350"]
[BlackElo "2025"]
[Annotator "TA"]
[PlyCount "61"]
[EventDate "2022.12.03"]
[EventType "swiss"]
[EventCountry "ESP"]
[SourceTitle "playchess.com"]
[Source "ChessBase"]
[SourceQuality "1"]
[TimeControl "5400+30"]

1. e4 c6 2. Nc3 d5 3. Nf3 Nf6 4. e5 Ne4 5. Ne2 Qb6 {[%csl Ge4][%cal Rb6f2] [#]} 6. d4 {B11: Caro-Kann: Two Knights Variation.} e6 7. Ng3 c5 8. Bd3 Nxg3 $1 9. fxg3 {aiming for Ng5.} Nc6 10. O-O cxd4 11. Qe2 h6 {Inhibits Ng5.} 12. a3 Bd7 13. b4 a6 14. g4 Be7 15. g5 O-O-O (15... hxg5 $11 {feels stronger.} 16. Nxg5 Bxg5 17. Bxg5 Qc7) 16. gxh6 $14 gxh6 17. Bd2 {[#]} f6 $146 ({Predecessor:} 17... Nb8 18. Be1 Ba4 19. Bf2 Nc6 20. c3 Qc7 21. cxd4 Kb8 22. Be3 Rdg8 23. Qd2 h5 {1-0 (44) Tauber,H (2501)-Rausis,I (2508) ICCF email 2020}) 18. Bf4 ({White should try} 18. exf6 $14 Bxf6 19. Rab1) 18... Rhg8 (18... f5 $11) 19. a4 (19. b5 $16 axb5 20. exf6 Bxf6 21. a4) 19... Rg4 ({Of course not} 19... Qxb4 20. Rab1 Qa5 21. Bd2) 20. exf6 $1 Bxf6 21. a5 (21. Bxh6 $11 e5 22. b5) 21... Qa7 (21... Qxb4 $15 22. Ne5 {[#]} Rxf4 $1 23. Nxc6 Rxf1+ 24. Rxf1 bxc6 25. Rxf6 Qxa5 26. Bxa6+ Kb8 27. Qe5+ Ka7) 22. Ne5 (22. Bd6 $5 Rdg8 23. Ne1 $11) 22... Nxe5 {The position is equal.} ({Don't take} 22... Rxf4 23. Nxc6 Rxf1+ 24. Rxf1 bxc6 25. Rxf6 $16 (25. Bxa6+ $2 {perishes.} Kb8 $19)) 23. Bxe5 Re4 $1 24. Bxe4 d3+ 25. Qf2 Qxf2+ 26. Kxf2 Bxe5 27. Bxd3 Bxa1 28. Rxa1 $11 {KRB-KRB} e5 29. c3 Kc7 30. Rf1 Rf8+ 31. Ke3 {Weighted Error Value: White=0.19 (very precise) /Black=0.16 (very precise)} 1/2-1/2